 Dungeon Crawl Stone Soup version 0.17.0-28-g6e173f8 (console) character file.

93 Kloppie the Skirmisher (level 4, -5/44 HPs)
             Began as a Naga Fighter on Dec 2, 2015.
             Slain by Natasha (6 damage)
             ... on level 2 of the Dungeon.
             The game lasted 00:02:15 (1939 turns).

Kloppie the Skirmisher (Naga Fighter)               Turns: 1939, Time: 00:02:16

Health: -5/44      AC:  4    Str: 23    XL:     4   Next: 62%
Magic:  4/4        EV:  7    Int:  9    God:
Gold:   80         SH:  0    Dex: 11    Spells: 0 memorised, 3 levels left

rFire  . . .     SeeInvis +     a - +0 long sword
rCold  . . .     Clarity  .     b - +0 scale mail
rNeg   . . .     SustAt   .     (no shield)
rPois  +         Gourm    .     (no helmet)
rElec  .         Spirit   .     (no cloak)
rCorr  .         Warding  .     (no gloves)
rMut   .         Stasis   .     (no barding)
MR     .....                    (no amulet)
Stlth  ..........               (no ring)
                                (no ring)

@: mighty, very slow, not resistant to hostile enchantments, extremely
unstealthy
A: see invisible, deformed body, poison resistance, slowness 2, slow metabolism
1, spit poison 2, AC +1
a: Spit Poison


You were on level 2 of the Dungeon.
You were hungry.

You visited 1 branch of the dungeon, and saw 2 of its levels.

You collected 80 gold pieces.

Inventory:

Hand Weapons
 a - a +0 long sword (weapon)
Armour
 b - a +0 scale mail (worn)
 c - a +0 shield
Scrolls
 f - 6 scrolls of identify {unknown}
 i - a scroll of magic mapping {unknown}
 l - a scroll of remove curse {unknown}
 m - a scroll of recharging {unknown}
Potions
 d - a potion of might
 h - a potion of mutation {unknown}
Comestibles
 e - 2 bread rations
 g - 5 fruits
 k - a beef jerky


   Skills:
 + Level 4.2 Fighting
 + Level 3.6 Long Blades
 - Level 2.4 Armour
 - Level 2.4 Shields


You had 3 spell levels left.
You didn't know any spells.

Dungeon Overview and Level Annotations

Branches:
Dungeon (2/15)

Altars:

Annotations:
D:2 Natasha


Innate Abilities, Weirdness & Mutations

You cannot wear boots.
Your serpentine skin is tough (AC +1).
You have supernaturally acute eyesight.
Armour fits poorly on your strangely shaped body.
Your system is resistant to poisons.
You cover ground very slowly.
You have a slow metabolism.
You can spit poison.


Message History

The crimson imp shouts, "Quit, thou obnoxious dread-bolted flax-wench!"
The white imp barely misses you.
You closely miss the white imp.
The white imp is almost dead.
The white imp hits you but does no damage.
The shadow imp summons a swarm of flies.
You slash the white imp!
You kill the white imp!
The shadow imp grins evilly.
Natasha claws you.
* * * LOW HITPOINT WARNING * * *
You barely miss Natasha. Natasha barely misses you.
You slash Natasha!
Natasha is almost dead.
Natasha claws you.
* * * LOW HITPOINT WARNING * * *
You barely miss Natasha.
Natasha is almost dead.
Natasha claws you.
You die...

...# ##..# #..................
######...#
####.##...............
#..#.###..#.###....†.#.......
#<##..#))...#####....##.###.#
##.##...#................##...
#...#...#.....#####.....).....
#...#...#....## #............
#...#...#....#####............
#...#...#....@h55.............
#...#...#....#####............
#####.##...#...##
#...>....(....
.>...[.#...#####
.............. .......#
.............. .......# #...
.......# #### .......#
.......#


You could see Natasha, a crimson imp and a shadow imp.

Vanquished Creatures
  Natasha (D:2)
  A gnoll (D:1)
  3 oozes (D:1)
  A worm (D:2)
  4 giant geckos
  3 giant cockroaches (D:1)
  3 hobgoblins
  4 jackals (D:2)
  3 kobolds
  4 bats
  2 giant newts (D:2)
  3 goblins
  14 rats
46 creatures vanquished.

Notes
Turn   | Place    | Note
--------------------------------------------------------------
     0 | D:1      | Kloppie the Naga Fighter began the quest for the Orb.
     0 | D:1      | Reached XP level 1. HP: 21/21 MP: 1/1
   172 | D:1      | Reached XP level 2. HP: 21/28 MP: 2/2
   549 | D:1      | Reached XP level 3. HP: 34/34 MP: 3/3
  1059 | D:2      | Noticed Natasha
  1088 | D:2      | Killed Natasha
  1088 | D:2      | Reached skill level 4 in Fighting
  1088 | D:2      | Reached XP level 4. HP: 4/44 MP: 4/4
  1919 | D:2      | Noticed Natasha
  1938 | D:2      | HP: 1/44 [Natasha (5)]
  1939 | D:2      | Slain by Natasha

Action                   |  1- 3 |  4- 6 || total
-------------------------+-------+-------++-------
Melee: Long sword        |   100 |    73 ||   173
 Abil: Spit Poison       |     1 |     2 ||     3
  Use: Potion            |       |     1 ||     1
  Eat: Chunk             |       |     2 ||     2
